 Dungeon Crawl Stone Soup version 0.30.1-3-gfc49f6343a (webtiles) character file.

Game seed: 5269822782768697076

165 GeoRichter the Shooter (level 5, -3/28 HPs)
             Began as a Deep Elf Hexslinger on July 26, 2023.
             Was a Believer of Lugonu.
             Slain by an ogre
             ... wielding a +0 giant club
              (26 damage)
             ... on level 4 of the Dungeon.
             The game lasted 00:06:30 (3207 turns).

GeoRichter the Shooter (Deep Elf Hexslinger)        Turns: 3207, Time: 00:06:31

Health: -3/28      AC:  4    Str:  7    XL:     5   Next: 21%
Magic:  6/9        EV: 12    Int: 18    God:    Lugonu [**....]
Gold:   41         SH:  0    Dex: 17    Spells: 6/7 levels left

rFire   . . .        a - +1 sling
rCold   . . .        (no shield)
rNeg    + . .        g - +0 leather armour
rPois   .            (no helmet)
rElec   .            (no cloak)
rCorr   .            (no gloves)
SInv    .            h - +0 pair of boots
Will    .....        (no amulet)
Stlth   ++           d - ring of positive energy
HPRegen 0.24/turn    (no ring)
MPRegen 0.11/turn

%: no passive effects
@: no status effects
A: no striking features
a: Renounce Religion, Depart the Abyss, Banish


You were on level 4 of the Dungeon.
You worshipped Lugonu.
Lugonu was pleased with you.
You visited 1 branch of the dungeon, and saw 4 of its levels.

You collected 83 gold pieces.
You spent 42 gold pieces at shops.

Inventory:

Hand Weapons
 a - a +1 sling (weapon)
Armour
 c - a +0 robe
 g - a +0 leather armour (worn)
   (You found it on level 1 of the Dungeon)
 h - a +0 pair of boots (worn)
   (You found it on level 1 of the Dungeon)
 i - a +0 helmet
   (You found it on level 1 of the Dungeon)
Jewellery
 d - a ring of positive energy (left hand)
   (You found it on level 1 of the Dungeon)
Wands
 r - a wand of flame (25)
   (You found it on level 3 of the Dungeon)
 s - a wand of charming (9)
   (You found it on level 3 of the Dungeon)
Scrolls
 b - a scroll of poison {!r}
 f - a scroll of magic mapping {unknown}
 j - 2 scrolls of identify {@r1}
 k - a scroll of enchant weapon {unknown}
 l - a scroll of vulnerability {unknown}
 m - a scroll of amnesia
 p - 5 scrolls of teleportation {unknown}
 t - 3 scrolls of blinking {unknown}
 v - a scroll of fear {unknown}
Potions
 e - 2 potions of ambrosia
 n - a potion of lignification {unknown}
 o - 3 potions of curing {@q1}
 q - a potion of heal wounds {unknown}
 u - a potion of degeneration {unknown}


   Skills:
 - Level 0.7 Fighting
 * Level 6.1 Ranged Weapons
 - Level 2.4 Dodging
 - Level 2.6 Stealth
 - Level 1.5 Spellcasting
 - Level 4.0 Hexes
 + Level 1.7 Invocations


You had 6 spell levels left.
You knew the following spells:

 Your Spells              Type           Power      Damage    Failure   Level
a - Slow                  Hex            60%        N/A       5%          1

Your spell library contained the following spells:

 Spells                   Type           Power      Damage    Failure   Level
 Beastly Appendage        Tmut           2%         N/A       28%         1
 Dazzling Flash           Conj/Hex       16%        N/A       36%         3
 Inner Flame              Hex/Fire       8%         N/A       36%         3
 Portal Projectile        Hex/Tloc       16%        N/A       36%         3
 Wereblood                Tmut           1%         N/A       41%         2
 Cause Fear               Hex            7%         N/A       50%         4
 Spider Form              Tmut/Pois      1%         N/A       65%         3
 Volatile Blastmotes      Fire/Tloc      2%         2d10      65%         3
 Iskenderun's Mystic Bla  Conj/Tloc      1%         2d3       96%         4
 Starburst                Conj/Fire      0%         6d3       100%        6


Dungeon Overview and Level Annotations

Branches:
Dungeon (4/15) Zot: 20734  Temple (0/1) D:4

Altars:
Qazlal
Lugonu

Shops:
D:2 !

Annotations:
D:4 exclusion: scorpion


Message History

Aim: an ogre, wielding a +0 giant club (moderately wounded, chance to affect: 49%)
The ogre seems to slow down.
There is an open door here.
Fire: a) +1 sling
Press: ? - help, Q - select action, (/) - cycle Shift-Dir - straight line, f/p - ogre
Aim: an ogre, wielding a +0 giant club (moderately wounded, slow, 76% to hit)
You shoot a sling bullet.
The sling bullet barely misses the ogre.
Fire: a) +1 sling
Press: ? - help, Q - select action, (/) - cycle Shift-Dir - straight line, f/p - ogre
Aim: an ogre, wielding a +0 giant club (moderately wounded, slow, 76% to hit)
You shoot a sling bullet.
The sling bullet barely misses the ogre.
Fire: a) +1 sling
Press: ? - help, Q - select action, (/) - cycle Shift-Dir - straight line, f/p - ogre
Aim: an ogre, wielding a +0 giant club (moderately wounded, slow, 76% to hit)
You shoot a sling bullet. The sling bullet hits the ogre.
The ogre is moderately wounded.
Fire: a) +1 sling
Press: ? - help, Q - select action, (/) - cycle Shift-Dir - straight line, f/p - ogre
Aim: an ogre, wielding a +0 giant club (moderately wounded, slow, 76% to hit)
You shoot a sling bullet.
The sling bullet hits the ogre but does no damage.
The ogre is moderately wounded.
Fire: a) +1 sling
Press: ? - help, Q - select action, (/) - cycle Shift-Dir - straight line, f/p - ogre
Aim: an ogre, wielding a +0 giant club (moderately wounded, slow, 76% to hit)
You shoot a sling bullet.
The sling bullet barely misses the ogre.
The ogre is no longer moving slowly.
Fire: a) +1 sling
Press: ? - help, Q - select action, (/) - cycle Shift-Dir - straight line, f/p - ogre
Aim: an ogre, wielding a +0 giant club (moderately wounded, 76% to hit)
You shoot a sling bullet.
The sling bullet barely misses the ogre.
Casting: Slow (safe; 5% risk of failure)
Confirm with . or Enter, or press ? or * to list all spells.
Aiming: Slow (safe; 5% risk of failure)
Press: ? - help, Shift-Dir - straight line, f/p - ogre
Aim: an ogre, wielding a +0 giant club (moderately wounded, chance to affect: 49%)
The ogre resists with some effort.
Casting: Slow (safe; 5% risk of failure)
Confirm with . or Enter, or press ? or * to list all spells.
Aiming: Slow (safe; 5% risk of failure)
Press: ? - help, Shift-Dir - straight line, f/p - ogre
Aim: an ogre, wielding a +0 giant club (moderately wounded, chance to affect: 49%)
The ogre seems to slow down.
The ogre hits you with a +0 giant club!!
Ouch! That really hurt!
You die...

..# ..# .# #.# # #.# .# ########
#.# #####.# #......#
#.#####.....#
###....).########........#..#
###.'(.........O@..>.....#....#
..#.#......##...##...#.##..######
⌠.O.#.....##....+........#..†...#
..###.....+.....##.#.#.#....###.#
### #.....########.#.....#..# #.#
#.....# #.........## #.# #.....#
##.....#### #.# #.....# #######
#)# #.....# #.#


You could see an ogre (slow).

Vanquished Creatures
  A gnoll bouda (D:4)
  3 gnolls (D:4)
  3 adders
  A worm (D:2)
  A dart slug (D:3)
  5 orcs (D:4)
  8 endoplasms
  7 giant cockroaches
  3 goblins
  8 hobgoblins
  6 kobolds
  3 quokkas
  4 ball pythons
  7 bats
  5 frilled lizards
  3 rats
68 creatures vanquished.

Notes
Turn   | Place    | Note
-------+----------+-------------------------------------------
     0 | D:1      | GeoRichter the Deep Elf Hexslinger began the quest for the
                  | Orb.
     0 | D:1      | Reached XP level 1. HP: 11/11 MP: 5/5
    29 | D:1      | Reached skill level 3 in Ranged Weapons
    87 | D:1      | Found a faded altar of an unknown god.
   112 | D:1      | Prayed at the altar of an unknown god.
   112 | D:1      | Became a worshipper of Lugonu the Unformed
   112 | D:1      | Reached * piety under Lugonu
   127 | D:1      | Reached skill level 1 in Stealth
   144 | D:1      | Reached XP level 2. HP: 16/16 MP: 6/6
   489 | D:1      | Reached skill level 4 in Ranged Weapons
   937 | D:2      | Reached XP level 3. HP: 20/20 MP: 7/7
   949 | D:2      | Reached ** piety under Lugonu
  1320 | D:2      | Found Jenusiat's Distillery.
  1370 | D:2      | Bought a potion of curing for 42 gold pieces
  1435 | D:2      | Reached skill level 5 in Ranged Weapons
  1614 | D:3      | Reached XP level 4. HP: 24/24 MP: 8/8
  1672 | D:3      | Found a stormy altar of Qazlal.
  2446 | D:4      | Noticed a scorpion
  2701 | D:4      | Reached skill level 1 in Invocations
  2707 | D:4      | Reached XP level 5. HP: 22/28 MP: 9/9
  2823 | D:4      | Reached skill level 6 in Ranged Weapons
  3073 | D:4      | Found a staircase to the Ecumenical Temple.
  3134 | D:4      | Noticed an ogre
  3207 | D:4      | Slain by an ogre

Illustrated notes

Levels and vault maps discovered:
D:1:      enne_arrival_octagon_isle, layout_basic, ebering_ecumenical_altar_rust
D:2:      layout_basic, serial_shops, nicolae_shop_industrial_runoff,
          minmay_tetromino_t2
D:3:      layout_loops_corners, nicolae_qazlal_general_emergency
D:4:      layout_basic, minmay_temple_entry_antechambers,
          minmay_misc_feat_square, serial_park_tiny_2

Skill      XL: |  1  2  3  4  5 |
---------------+----------------+-----
Ranged Weapons | 3 4 5 6 |  6.1
Stealth        | 1 2 |  2.6
Invocations    | 1 |  1.7
Fighting       | |  0.7
Dodging        | |  2.4
Spellcasting   | |  1.5
Hexes          | |  4.0

Action                     |  1- 3 |  4- 6 || total
---------------------------+-------+-------++-------
   Fire: Sling             |   144 |   114 ||   258
   Cast: Slow              |     3 |    11 ||    14
    Use: Scroll            |     2 |     1 ||     3
 Armour: Robe              |     7 |       ||     7
         Leather armour    |    19 |     6 ||    25
  Dodge: Dodged            |    44 |    35 ||    79
